 Dungeon Crawl Stone Soup version 0.30.1-4-g462c640d31 (webtiles) character file.

Game seed: 257254819060543120

32 anacleto the Magician (level 3, 0/20 HPs)
             Began as a Tengu Hedge Wizard on Aug 19, 2023.
             Slain by Robin
             ... wielding a +0 club
              (3 damage)
             ... on level 2 of the Dungeon.
             The game lasted 00:02:37 (1163 turns).

anacleto the Magician (Tengu Hedge Wizard)          Turns: 1163, Time: 00:02:37

Health: 0/20       AC:  2    Str: 10    XL:     3   Next: 25%
Magic:  3/8        EV: 12    Int: 16    God:
Gold:   65         SH:  0    Dex: 13    Spells: 4/8 levels left

rFire   . . .        a - +0 dagger
rCold   . . .        (no shield)
rNeg    . . .        b - +0 robe
rPois   .            c - +0 hat
rElec   .            (no cloak)
rCorr   .            (no gloves)
SInv    .            (boots unavailable)
Will    .....        (no amulet)
Stlth   ++           (no ring)
HPRegen 0.23/turn    (no ring)
MPRegen 0.11/turn

%: no passive effects
@: no status effects
A: beak, talons 3
a: no special abilities


You were on level 2 of the Dungeon.
You visited 1 branch of the dungeon, and saw 2 of its levels.

You collected 65 gold pieces.

Inventory:

Hand Weapons
 a - a +0 dagger (weapon)
Missiles
 j - a stone
Armour
 b - a +0 robe (worn)
 c - a +0 hat (worn)
Scrolls
 f - a scroll of identify {unknown}
 h - a scroll of vulnerability {unknown}
 i - a scroll of blinking {unknown}
Potions
 d - a potion of magic
 e - a potion of brilliance {unknown}
 g - a potion of degeneration {unknown}


   Skills:
 + Level 0.5 Fighting
 + Level 0.6 Short Blades
 + Level 2.5 Dodging
 + Level 2.3 Stealth
 + Level 3.1 Spellcasting
 + Level 2.0 Conjurations
 + Level 1.6 Summonings
 + Level 1.0 Translocations


You had 4 spell levels left.
You knew the following spells:

 Your Spells              Type           Power      Damage    Failure   Level
a - Magic Dart            Conj           32%        1d4       9%          1
b - Call Imp              Summ           14%        N/A       14%         2
c - Slow                  Hex            8%         N/A       19%         1

Your spell library contained the following spells:

 Spells                   Type           Power      Damage    Failure   Level
 Blink                    Tloc           10%        N/A       19%         2
 Cigotuvi's Dreadful Rot  Necr/Pois/Air  4%         N/A       28%         2
 Mephitic Cloud           Conj/Pois/Air  4%         N/A       38%         3


Dungeon Overview and Level Annotations

Branches:
Dungeon (2/15)

Altars:

Shops:
D:1 !

Annotations:
D:2 Robin


Innate Abilities, Weirdness & Mutations

You have a beak for a mouth.
You have claws for feet.


Message History

You hear a shout!
Aiming: Magic Dart (safe; 9% risk of failure)
Press: ? - help, Q - select action, (/) - cycle Shift-Dir - straight line, f/p - Robin
Aim: Robin, wielding a +0 club, wearing a +0 animal skin and wearing a +1 helmet (lightly wounded, 100% to hit)
The magic dart hits Robin but does no damage.
Robin is lightly wounded.
Casting: Magic Dart (safe; 9% risk of failure)
Confirm with . or Enter, or press ? or * to list all spells.
A tiny devil pulls itself out of the air.
You hit Robin. Your kick misses Robin. You peck Robin, but do no damage.
Robin is lightly wounded.
Robin completely misses you.
A hobgoblin comes into view.
Your cerulean imp hits Robin but does no damage.
You hit Robin. Your kick misses Robin.
Robin is moderately wounded.
Robin hits you with a +0 club.
* * * LOW HITPOINT WARNING * * *
A hobgoblin comes into view.
Your cerulean imp hits Robin but does no damage.
You completely miss Robin.
The hobgoblin shouts!
You claw Robin.
Robin is heavily wounded.
You hear a shout! x3
Robin hits you with a +0 club.
* * * LOW HITPOINT WARNING * * *
Your cerulean imp hits Robin with a -4 spear.
You hear a shout!
Casting: Call Imp (safe; 14% risk of failure)
Confirm with . or Enter, or press ? or * to list all spells.
Aiming: Magic Dart (safe; 9% risk of failure)
Press: ? - help, Shift-Dir - straight line, f - hobgoblin, p - Robin
Aim: a hobgoblin (100% to hit)
The magic dart hits Robin.
Robin is severely wounded.
You hear a shout!
A goblin comes into view. It is wielding a +0 club.
Robin hits you with a +0 club.
You die...

#. #.# #.######
##....>.##
##...>....##
#..........# .
#..........# #g
#....).....# #..#
#...@......# ##...
#.5g.......#
......###g.......##
#..gg........##
####..........#
#...[....<.#
#..........#
#..........#
#..........#


You could see Robin (ally target), 2 hobgoblins, a goblin and a friendly
cerulean imp (summoned).

Vanquished Creatures
  A dart slug (D:1)
  2 endoplasms
  A giant cockroach (D:1)
  4 goblins
  2 hobgoblins
  A kobold (D:1)
  A quokka (D:1)
  2 bats (D:1)
  2 frilled lizards
  A rat (D:1)
17 creatures vanquished.

Vanquished Creatures (collateral kills)
  A gnoll (D:1)
  A kobold (D:1)
2 creatures vanquished.

Grand Total: 19 creatures vanquished

Notes
Turn   | Place    | Note
-------+----------+-------------------------------------------
     0 | D:1      | anacleto the Tengu Hedge Wizard began the quest for the
                  | Orb.
     0 | D:1      | Reached XP level 1. HP: 10/10 MP: 5/5
   329 | D:1      | Reached XP level 2. HP: 15/15 MP: 5/7
   332 | D:1      | Learned a level 2 spell: Call Imp
   523 | D:1      | Reached skill level 1 in Translocations
   807 | D:1      | Found Mioq's Distillery.
   935 | D:1      | Reached XP level 3. HP: 16/20 MP: 8/8
   937 | D:1      | Learned a level 1 spell: Slow
  1156 | D:2      | Noticed Robin
  1163 | D:2      | Slain by Robin

Illustrated notes

Levels and vault maps discovered:
D:1:      psy_arrival_fountain, layout_basic, serial_shops, shop
D:2:      layout_rooms, minmay_misc_feat_enclosed, uniq_robin

Skill      XL: |  1  2 |
---------------+-------+-----
Translocations | 1 |  1.0
Conjurations   | 2 |  2.0
Fighting       | |  0.5
Short Blades   | |  0.6
Dodging        | |  2.5
Stealth        | |  2.3
Spellcasting   | |  3.1
Summonings     | |  1.6

Action                     || total
---------------------------++-------
  Melee: Dagger            ||    30
         Kick              ||     9
         Peck              ||     4
   Cast: Magic Dart        ||    20
         Call Imp          ||     7
   Stab: Sleeping          ||     3
 Armour: Robe              ||     3
  Dodge: Dodged            ||    11
